 Dungeon Crawl Stone Soup version 0.23.0-3-gf3c87f2 (webtiles) character file.

Game seed: 1729483933346268712

202 jujuben the Bolt Thrower (level 5, 0/42 HPs)
             Began as a Minotaur Hunter on Feb 21, 2019.
             Was an Initiate of Okawaru.
             Slain by a gnoll
             ... wielding a +0 club
              (3 damage)
             ... on level 4 of the Dungeon.
             The game lasted 00:04:48 (3478 turns).

jujuben the Bolt Thrower (Minotaur Hunter)          Turns: 3478, Time: 00:04:49

Health: 0/42       AC:  8    Str: 16    XL:     5   Next: 50%
Magic:  4/4        EV: 10    Int:  8    God:    Okawaru [......]
Gold:   137        SH:  0    Dex: 12    Spells: 4/4 levels left

rFire    . . .     SeeInvis +   l - +0 whip
rCold    . . .     Gourm    .   (no shield)
rNeg     . . .     Faith    .   u - +0 scale mail
rPois    .         Spirit   .   (helmet restricted)
rElec    .         Reflect  .   (no cloak)
rCorr    .         Harm     .   w - +1 pair of gloves
MR       .....                  (no boots)
Stlth    ..........             (no amulet)
HPRegen  0.14/turn              i - ring of see invisible
MPRegen  0.09/turn              (no ring)

@: no status effects
A: retaliatory headbutt, horns 2
a: Renounce Religion


You were on level 4 of the Dungeon.
You worshipped Okawaru.
Okawaru was noncommittal.
You were not hungry.

You visited 1 branch of the dungeon, and saw 4 of its levels.

You collected 137 gold pieces.

Inventory:

Hand Weapons
 a - a +2 hand crossbow
 l - a +0 whip (weapon)
 v - a +0 hunting sling
 A - a +1 antimagic hand axe
Missiles
 d - 16 bolts
 m - 70 stones (quivered)
 p - 2 tomahawks
 q - 35 sling bullets
Armour
 u - a +0 scale mail (worn)
 w - a +1 pair of gloves (worn)
Jewellery
 i - a ring of see invisible (left hand)
Wands
 t - a wand of acid (6)
Scrolls
 e - a scroll of immolation
 h - a scroll of fog
 s - a scroll of remove curse
Potions
 k - a potion of brilliance
 o - 2 potions of haste
Comestibles
 f - 9 rations
 x - 3 chunks of flesh


   Skills:
 - Level 2.4 Fighting
 + Level 3.3 Maces & Flails
 + Level 6.7 Crossbows
 - Level 2.1 Dodging
 - Level 0.7 Stealth


You had 4 spell levels left.
You didn't know any spells.
Your spell library was empty.

Dungeon Overview and Level Annotations

Branches:
Dungeon (4/15)
 Temple: D:4-7

Altars:
Ashenzari
Okawaru


Innate Abilities, Weirdness & Mutations

You reflexively headbutt those who attack you in melee.
You have a pair of horns on your head.


Message History

The gnoll is moderately wounded.
The gnoll hits you.
* * * LOW HITPOINT WARNING * * *
You hit the gnoll but do no damage. Your headbutt misses the gnoll.
The gnoll is moderately wounded.
You hit the gnoll. Your headbutt misses the gnoll.
The gnoll is moderately wounded.
The gnoll hits you!
* * * LOW HITPOINT WARNING * * *
You hit the gnoll but do no damage. You headbutt the gnoll!
The gnoll is almost dead.
The gnoll hits you but does no damage.
You hit the gnoll but do no damage.
The gnoll is almost dead.
The gnoll barely misses you.
You hit the gnoll.
You kill the gnoll!
Okawaru accepts your kill.
You hit the gnoll but do no damage. The gnoll hits you with a +0 club.
You die...

..........##.# #.#
...........#.###'###
........[..#.##....#
.#.....<[#.#.......#
.#.####).#...#.....#
.#.......#...#รท....#
.#..#........#.....#
.#..#.#.######.#.###
.#..#.#.[......#@#
.#<.#.##########g#
.#..#...........g##########..
>............................
..................g..#.######
........############.#.#
.......... ..... #.......##
##.#.## ####.#### #.#.#


You could see 2 gnolls.

Vanquished Creatures
  2 orc priests (D:4)
  4 adders
  A gnoll (D:4)
  3 oozes
  2 worms (D:3)
  A dart slug (D:3)
  3 leopard geckos (D:2)
  5 orcs
  5 bats
  4 giant cockroaches
  8 goblins
  5 hobgoblins
  8 jackals
  3 ball pythons
  6 frilled lizards
  4 kobolds
  7 rats
71 creatures vanquished.

Notes
Turn   | Place    | Note
-------+----------+-------------------------------------------
     0 | D:1      | jujuben the Minotaur Hunter began the quest for the Orb.
     0 | D:1      | Reached XP level 1. HP: 18/18 MP: 0/0
    78 | D:1      | Reached XP level 2. HP: 25/25 MP: 1/1
   107 | D:1      | Reached skill level 5 in Crossbows
   662 | D:2      | Reached XP level 3. HP: 30/30 MP: 2/2
  1148 | D:2      | Found a shattered altar of Ashenzari.
  1623 | D:2      | Reached skill level 1 in Maces & Flails
  1623 | D:2      | Reached skill level 6 in Crossbows
  1675 | D:2      | Reached XP level 4. HP: 14/37 MP: 3/3
  2968 | D:3      | Found an iron altar of Okawaru.
  3169 | D:3      | Became a worshipper of Warmaster Okawaru
  3310 | D:4      | Reached XP level 5. HP: 23/42 MP: 4/4
  3478 | D:4      | Slain by a gnoll

Skill      XL: |  1  2  3  4  5 |
---------------+----------------+-----
Crossbows      | 5 6 |  6.7
Maces & Flails | 1 2 3 |  3.3
Fighting       | |  2.4
Dodging        | |  2.1
Stealth        | |  0.7

Action                   |  1- 3 |  4- 6 || total
-------------------------+-------+-------++-------
Melee: Short sword       |    70 |       ||    70
       Whip              |    33 |    88 ||   121
       Headbutt          |     9 |    14 ||    23
 Fire: Hand crossbow     |    28 |       ||    28
       Hunting sling     |       |    14 ||    14
  Use: Scroll            |     5 |     7 ||    12
       Potion            |     2 |     1 ||     3
 Stab: Sleeping          |       |     2 ||     2
  Eat: Chunk             |     2 |     6 ||     8
Armor: Leather armour    |    31 |     4 ||    35
       Scale mail        |       |    23 ||    23
Dodge: Dodged            |    64 |    35 ||    99
